 Dungeon Crawl Stone Soup version 0.27.1-3-gb3d3a73c9e (webtiles) character file.

Game seed: 13277741930063692612

6500 MisterFreud the Carver (level 10, -11/93 HPs)
             Began as a Minotaur Abyssal Knight on Oct 11, 2021.
             Was an Elder of Lugonu.
             Mangled by a two-headed ogre (18 damage)
             ... on level 9 of the Dungeon.
             The game lasted 00:11:09 (10963 turns).

MisterFreud the Carver (Minotaur Abyssal Knight)   Turns: 10963, Time: 00:11:10

Health: -11/93     AC: 11    Str: 20    XL:     10   Next: 69%
Magic:  25/25      EV: 11    Int:  9    God:    Lugonu [****..]
Gold:   187        SH:  5    Dex: 16    Spells: 9/9 levels left

rFire    . . .     SeeInvis .   L - +0 scimitar
rCold    . . .     Faith    .   D - +0 buckler
rNeg     . . .     Spirit   .   s - +1 ring mail of Ossierou {rPois rCorr Stlth-}
rPois    +         Reflect  .   c - +2 hat
rElec    .         Harm     .   B - +1 cloak {Will+}
rCorr    +         Rampage  .   (no gloves)
Will     +....                  (no boots)
Stlth    ..........             (no amulet)
HPRegen  0.25/turn              r - +6 ring of dexterity
MPRegen  0.19/turn              u - ring of magical power

@: attractive
A: horns 2, retaliatory headbutt
a: Renounce Religion, Depart the Abyss, Bend Space, Banish, Corrupt


You were on level 9 of the Dungeon.
You worshipped Lugonu.
Lugonu was greatly pleased with you.
You visited 1 branch of the dungeon, and saw 9 of its levels.
You visited the Abyss 1 time.

You collected 523 gold pieces.
You spent 336 gold pieces at shops.

Inventory:

Hand Weapons
 a - a +1 falchion
 o - a +0 short sword of holy wrath
 L - a +0 scimitar (weapon)
Missiles
 j - 26 poisoned darts (quivered)
 w - 8 boomerangs
Armour
 c - a +2 hat (worn)
 s - the +1 ring mail of Ossierou (worn) {rPois rCorr Stlth-}
   (You found it on level 4 of the Dungeon)

   rPois:     It protects you from poison.
   rCorr:     It protects you from acid and corrosion.
   Stlth:     It makes you less stealthy.
 B - a +1 cloak of willpower (worn)
 D - a +0 buckler (worn)
Jewellery
 f - a ring of wizardry
 r - a +6 ring of dexterity (left hand)
 u - a ring of magical power (right hand)
Wands
 z - a wand of acid (7)
 E - a wand of iceblast (9)
 I - a wand of polymorph (12)
 J - a wand of mindburst (14)
Scrolls
 b - a scroll of holy word {unknown}
 h - 3 scrolls of blinking {unknown}
 i - 2 scrolls of immolation {unknown}
 k - 7 scrolls of identify {unknown}
 l - a scroll of silence {unknown}
 p - a scroll of amnesia {unknown}
 q - 4 scrolls of magic mapping {unknown}
 y - 3 scrolls of fear {unknown}
 G - 4 scrolls of teleportation {unknown}
 M - a scroll of noise {unknown}
Potions
 d - a potion of brilliance {unknown}
 e - a potion of magic {unknown}
 g - 2 potions of lignification
 m - a potion of heal wounds {unknown}
 n - 3 potions of cancellation {unknown}
 t - 6 potions of haste
 v - 2 potions of invisibility
 x - a potion of attraction
 A - a potion of degeneration {unknown}
 C - 3 potions of curing
 F - 2 potions of might
 H - a potion of flight {unknown}
 K - a potion of mutation {unknown}


   Skills:
 + Level 9.8 Fighting
 + Level 11.3 Long Blades
 - Level 5.0 Armour
 - Level 1.1 Dodging
 - Level 4.0 Shields
 - Level 10.0 Invocations


You had 9 spell levels left.
You didn't know any spells.
Your spell library contained the following spells:

 Spells                   Type           Power      Damage    Failure   Level
 Sandblast                Erth           0%         2d4       54%         1
 Shock                    Conj/Air       0%         1d3       54%         1
 Blink                    Tloc           N/A        N/A       69%         2
 Passwall                 Tmut/Erth      0%         N/A       69%         2
 Conjure Flame            Conj/Fire      0%         6-21      89%         3
 Lesser Beckoning         Tloc           0%         N/A       89%         3
 Spider Form              Tmut/Pois      0%         N/A       89%         3
 Swiftness                Air            0%         N/A       89%         3
 Airstrike                Air            0%         N/A       100%        4
 Lee's Rapid Deconstruct  Erth           0%         3d5*      100%        5
 Manifold Assault         Tloc           0%         N/A       100%        5
 Starburst                Conj/Fire      0%         6d3       100%        6


Dungeon Overview and Level Annotations

Branches:
Dungeon (9/15)             Temple (0/1) D:6            Lair (0/6) D:8
    Orc (0/2) D:9

Altars:
Gozag
Makhleb
Nemelex Xobeh
Ru

Shops:
D:5 [*   D:7 !


Innate Abilities, Weirdness & Mutations

You have a pair of horns on your head.
You reflexively headbutt those who attack you in melee.


Message History

Unknown command.
You slash the two-headed ogre!
The two-headed ogre is heavily wounded.
The two-headed ogre hits you with a +0 dire flail!
* * * LOW HITPOINT WARNING * * *
The two-headed ogre barely misses you. The wight closely misses you.
You riposte.
You hit the wight but do no damage. Your headbutt misses the wight.
The wight is heavily damaged.
You hit the two-headed ogre. You headbutt the two-headed ogre.
The two-headed ogre is severely wounded.
The two-headed ogre hits you with a +0 dire flail.
* * * LOW HITPOINT WARNING * * *
The two-headed ogre hits you with a +0 giant club.
* * * LOW HITPOINT WARNING * * *
Unknown command.
You barely miss the two-headed ogre.
The two-headed ogre is severely wounded.
The wight hits you with a +0 hand axe!
* * * LOW HITPOINT WARNING * * *
Unknown command.
You barely miss the two-headed ogre.
The two-headed ogre is severely wounded.
The wight barely misses you.
You riposte.
You slash the wight!
You destroy the wight!
Lugonu accepts your kill.
The two-headed ogre hits you with a +0 dire flail.
* * * LOW HITPOINT WARNING * * *
The two-headed ogre hits you with a +0 giant club.
* * * LOW HITPOINT WARNING * * *
Unknown command.
Unknown command.
Unknown command.
Unknown command.
It was a potion of attraction.
You feel attractive to monsters.
A goblin zombie comes into view.
The phantom barely misses you.
The two-headed ogre hits you with a +0 dire flail!!
You die...

.# #.# #.# #.# #.# #.##
..#########..#
..#>.........###########
).#.########.##...#.#..#
..#...........#.#.#...#
..#..........#.##W...###
..#..........###@#.$##.#
.............####O.Z...#
.............##..Z.Z..#Z..z.
............##..##.##ZZ# #.#
............ ##. ####.##
.......#.... #


#cZ .......#.## ZZZZ ....####.# Z#..# .......#.# # #.. You could see a
two-headed ogre (corroded), a phantom, a goblin zombie (wandering), 2 hobgoblin
zombies and 3 ogre zombies.

Vanquished Creatures
  2 two-headed ogres
  2 shadows (D:9)
  A wraith (D:8)
  9 yaks
  A wyvern (D:9)
  An acid dragon (D:8)
  2 water moccasins
  An orc warrior (D:8)
  An ice beast (D:7)
  A sky beast (D:7)
  2 black bears
  A necrophage (D:7)
  4 centaurs
  A phantom (D:6)
  2 kobold brigands
  Blork the orc (D:5)
  A gnoll sergeant (D:8)
  4 bullfrogs
  A water moccasin zombie (D:5)
  A water moccasin skeleton (D:6)
  3 killer bees (D:7)
  5 wights
  A howler monkey (D:8)
  2 centaur zombies
  A bullfrog zombie (D:6)
  A jelly (D:5)
  Crazy Yiuf (D:5)
  2 gnoll shamans
  3 iron imps (D:3)
  A bullfrog skeleton (D:4)
  Jessica (D:3)
  3 orc wizards
  Terence (D:3)
  2 iguanas
  An ogre zombie (D:9)
  2 howler monkey zombies
  7 gnolls
  A howler monkey skeleton (D:5)
  5 adders
  A shadow imp (D:5)
  An ufetubus (D:6)
  An adder skeleton (D:4)
  2 worms
  3 dart slugs
  24 orcs
  7 ball pythons
  8 endoplasms
  5 giant cockroaches
  4 goblins
  2 hobgoblins
  5 jackals
  16 kobolds
  4 quokkas
  5 bats
  4 frilled lizards
  A goblin skeleton (D:9)
  2 hobgoblin zombies (D:9)
  3 orc zombies (D:9)
  8 rats
188 creatures vanquished.

Vanquished Creatures (others)
  2 fungi (D:2)
  2 plants (D:2)
4 creatures vanquished.

Grand Total: 192 creatures vanquished

Notes
Turn   | Place    | Note
-------+----------+-------------------------------------------
     0 | Abyss:1  | MisterFreud the Minotaur Abyssal Knight began the quest for
                  | the Orb.
     0 | Abyss:1  | Reached XP level 1. HP: 19/19 MP: 1/1
    50 | Abyss:1  | Noticed a small abomination
    68 | Abyss:1  | Found a corrupted altar of Lugonu.
    71 | D:1      | Escaped the Abyss
   162 | D:1      | Reached * piety under Lugonu
   196 | D:1      | Reached XP level 2. HP: 28/28 MP: 2/2
   607 | D:1      | Reached skill level 5 in Fighting
   786 | D:2      | Reached XP level 3. HP: 36/36 MP: 3/3
  1109 | D:2      | Reached ** piety under Lugonu
  1196 | D:2      | Found a faded altar of an unknown god.
  1461 | D:3      | Noticed Terence
  1473 | D:3      | Killed Terence
  1474 | D:3      | Reached XP level 4. HP: 37/44 MP: 4/4
  1540 | D:3      | Got Sif Muna's Papyrus of Fiery Transformation
  1570 | D:3      | Found a burning altar of Makhleb.
  1595 | D:3      | Reached XP level 5. HP: 44/51 MP: 5/5
  1885 | D:3      | Noticed Jessica
  1888 | D:3      | Killed Jessica
  2651 | D:4      | Identified the +1 ring mail of Ossierou {rPois rCorr
                  | Stlth-}
  2751 | D:4      | Reached XP level 6. HP: 60/60 MP: 6/6
  2787 | D:4      | Found a sacrificial altar of Ru.
  2797 | D:4      | Reached *** piety under Lugonu
  2931 | D:5      | Entered Level 5 of the Dungeon
  3162 | D:5      | Reached skill level 5 in Armour
  3306 | D:5      | Found an opulent altar of Gozag.
  3366 | D:5      | Reached skill level 3 in Long Blades
  3650 | D:5      | Reached XP level 7. HP: 60/68 MP: 7/7
  3771 | D:5      | Found Relousos's Armour Shop.
  3789 | D:5      | Noticed a yak
  3790 | D:5      | Noticed a yak
  3790 | D:5      | Noticed a yak
  3790 | D:5      | Noticed a yak
  3791 | D:5      | Noticed a yak
  3792 | D:5      | Noticed a yak
  3806 | D:5      | Killed a yak
  3807 | D:5      | Reached skill level 5 in Long Blades
  3849 | D:4      | Killed a yak
  3850 | D:4      | Reached skill level 6 in Long Blades
  4259 | D:5      | Reached skill level 7 in Long Blades
  4605 | D:5      | Found Winil's Assorted Antiques.
  4639 | D:5      | Noticed Blork the orc
  4648 | D:5      | Killed Blork the orc
  4757 | D:5      | Found a runed translucent door.
  4758 | D:5      | Noticed Crazy Yiuf
  4850 | D:4      | Killed a yak
  4851 | D:4      | Reached skill level 8 in Long Blades
  4851 | D:4      | Reached XP level 8. HP: 26/74 MP: 8/8
  5162 | D:5      | Killed Crazy Yiuf
  5457 | D:6      | Reached skill level 9 in Long Blades
  6028 | D:6      | Found a staircase to the Ecumenical Temple.
  6042 | D:6      | Reached skill level 10 in Long Blades
  6496 | D:6      | Reached skill level 1 in Shields
  6724 | D:7      | Found Vecac's Distillery.
  6731 | D:7      | Reached **** piety under Lugonu
  6754 | D:7      | Bought a potion of haste for 120 gold pieces
  6754 | D:7      | Bought a potion of curing for 36 gold pieces
  6754 | D:7      | Bought a potion of might for 48 gold pieces
  6754 | D:7      | Bought a potion of invisibility for 96 gold pieces
  6754 | D:7      | Bought a potion of lignification for 36 gold pieces
  6810 | D:7      | Reached XP level 9. HP: 79/81 MP: 11/11
  7055 | D:7      | Found a sparkling altar of Nemelex Xobeh.
  7108 | D:7      | Reached skill level 5 in Invocations
  7929 | D:8      | Noticed a two-headed ogre
  7948 | D:8      | Killed a two-headed ogre
  9023 | D:8      | Found a staircase to the Lair.
  9055 | D:8      | Reached XP level 10. HP: 71/88 MP: 15/15
  9984 | D:9      | Reached skill level 10 in Invocations
 10262 | D:9      | Noticed a two-headed ogre
 10272 | D:9      | Killed a two-headed ogre
 10510 | D:9      | Reached skill level 11 in Long Blades
 10936 | D:9      | Noticed a two-headed ogre
 10941 | D:9      | Found a staircase to the Orcish Mines.
 10963 | D:9      | Mangled by a two-headed ogre

Illustrated notes

Levels and vault maps discovered:
D:1:      lightli_arrival_flooded_house, layout_basic, st_stairs_14,
          bh_walls_and_bars
D:2:      layout_basic, shapermc_ecumenical_altar_acropolis
D:3:      layout_basic, demons_altar, uniq_terence, uniq_jessica
D:4:      layout_gridville, mainiacjoe_overflow_small_starburst,
          dk_rats_in_the_wall
D:5:      layout_loops_corners, amcnicky_altar_gilded, serial_shops,
          nicolae_shop_crystal, shop, uniq_blork_the_orc,
          uniq_crazy_yiuf_cottage
D:6:      layout_loops_cross, minmay_temple_entry_ruins
D:7:      layout_rooms, overflow_temple_1_default, serial_shops, shop
D:8:      kennysheep_ambush_hall, layout_layer_cave, lair_entry_dummy,
          grunt_decor_fettered, kb_rosetta
D:9:      layout_basic, zombieorc1_lemuel, minmay_misc_feat_plants

Skill      XL: |  1  2  3  4  5  6  7  8  9 10 |
---------------+-------------------------------+-----
Fighting       | 4 5 6 7 8 9 |  9.8
Armour         | 3 4 5 |  5.0
Long Blades    | 3 8 10 11 | 11.3
Invocations    | 4 9 10 | 10.0
Shields        | 3 4 |  4.0
Dodging        | |  1.1

Action                   |  1- 3 |  4- 6 |  7- 9 | 10-12 || total
-------------------------+-------+-------+-------+-------++-------
Melee: Falchion          |   101 |   118 |   298 |       ||   517
       Headbutt          |    14 |    29 |   101 |    34 ||   178
       Scimitar          |       |       |    35 |    97 ||   132
Throw: Dart              |       |     4 |       |       ||     4
Invok: Depart the Abyss  |     1 |       |       |       ||     1
Evoke: Wand              |       |       |       |     1 ||     1
  Use: Potion            |       |       |       |     1 ||     1
Armor: Leather armour    |    39 |    14 |       |       ||    53
       Ring mail         |       |    31 |   108 |    33 ||   172
Dodge: Dodged            |    60 |    79 |   168 |    41 ||   348
Block: Buckler           |       |       |    48 |    13 ||    61
       Rpst.: Falchion   |    10 |    21 |    28 |       ||    59
       Scimitar          |       |       |     4 |    15 ||    19
